 Dungeon Sprint DCSS version 0.18-a0-1788-g92de1ac (webtiles) character file.

266 wvc the Slicer (level 6, -2/36 HPs)
             Began as a Vine Stalker Gladiator on Apr 19, 2016.
             Slain by a slime creature (13 damage)
             ... in the Dungeon (Sprint I: "Red Sonja").
             The game lasted 00:02:36 (152 turns).

wvc the Slicer (Vine Stalker Gladiator)              Turns: 152, Time: 00:02:36

Health: -2/36      AC:  4    Str: 19    XL:     6   Next: 20%
Magic:  0/7        EV: 13    Int:  8    God:
Gold:   108        SH:  0    Dex: 15    Spells: 0 memorised, 5 levels left

rFire  . . .     SeeInvis .     a - +0 rapier
rCold  . . .     Gourm    .     b - +0 leather armour
rNeg   . . .     Faith    .     (no shield)
rPois  .         Spirit   +     c - +0 helmet
rElec  .         Dismiss  .     (no cloak)
rCorr  .         Reflect  .     (no gloves)
SustAt .         Harm     .     (no boots)
MR     .....     NoTele   +     (no amulet)
Stlth  +.........               (no ring)
                                (no ring)

@: not resistant to hostile enchantments, very unstealthy
A: fangs 2, regeneration 2, magic shield, antimagic bite, no device heal 3, rot
immunity
a: no special abilities


You were in the Dungeon.
You were not hungry.

You visited 1 branch You collected 108 gold pieces.

Inventory:

Hand Weapons
 a - a +0 rapier (weapon)
Missiles
 d - 2 throwing nets (quivered)
Armour
 b - a +0 leather armour (worn)
 c - a +0 helmet (worn)
Scrolls
 k - a scroll of blinking
Potions
 e - a potion of curing
 g - a potion of heal wounds
 h - a potion of haste
 i - 2 potions of magic
 j - a potion of berserk rage
Comestibles
 f - a bread ration


   Skills:
 + Level 5.9 Fighting
 + Level 9.5 Short Blades
 - Level 2.4 Throwing
 - Level 3.8 Dodging


You had 5 spell levels left.
You didn't know any spells.

Dungeon Overview and Level Annotations

Branches:
Dungeon (1/1)

Altars:
Cheibriados
Dithmenos
Fedhas
Jiyva


Innate Abilities, Weirdness & Mutations

You have extremely sharp teeth.
You heal very quickly.
When hurt, damage is shared between your health and your magic reserves.
Your bite disrupts and absorbs the magic of your enemies.
Potions and wands cannot restore your health.
You are immune to rotting.


Message History

The slime creature is lightly wounded.
The slime creature closely misses you.
You barely miss the slime creature. You bite the slime creature.
You drain its power.
You feel invigorated.
The slime creature is lightly wounded.
The slime creature hits you.
You puncture the slime creature! You bite the slime creature!
You drain its power.
You feel invigorated.
The slime creature is moderately wounded.
The slime creature closely misses you.
You puncture the slime creature!
The slime creature is heavily wounded.
You hit the slime creature. You bite the slime creature. You drain its power.
The slime creature is heavily wounded.
The slime creature hits you!
You hit the slime creature. You bite the slime creature. You drain its power.
You feel invigorated.
The slime creature is severely wounded.
The slime creature hits you!!
You die...

################ ##
#<.#..').#..'..#__#
#..').#..').#@J'^.+
#..#####+#####+#__#
#..# ## #..# #..#
#⌠⌠# ####


You could see a slime creature.

Vanquished Creatures
  Sigmund (D)
  An ogre (D)
  Ijyb (D)
3 creatures vanquished.

Notes
Turn   | Place    | Note
--------------------------------------------------------------
     0 | D        | wvc the Vine Stalker Gladiator began the quest for the Orb.
     0 | D        | Reached XP level 1. HP: 11/11 MP: 2/2
     2 | D        | Noticed Ijyb
    24 | D        | Killed Ijyb
    24 | D        | Reached skill level 4 in Short Blades
    24 | D        | Reached XP level 2. HP: 14/16 MP: 3/3
    24 | D        | Reached XP level 3. HP: 17/19 MP: 4/4
    28 | D        | Noticed an ogre
    43 | D        | Killed an ogre
    43 | D        | Reached skill level 7 in Short Blades
    43 | D        | Reached XP level 4. HP: 20/25 MP: 5/5
    59 | D        | Noticed Sigmund
    77 | D        | Killed Sigmund
    77 | D        | Reached skill level 5 in Fighting
    77 | D        | Reached skill level 9 in Short Blades
    77 | D        | Reached XP level 5. HP: 10/32 MP: 1/6
    77 | D        | Gained mutation: You heal very quickly. [Vine Stalker growth]
    77 | D        | Reached XP level 6. HP: 11/36 MP: 1/7
   139 | D        | Found a snail-covered altar of Cheibriados.
   139 | D        | Found a viscous altar of Jiyva.
   139 | D        | Found a shadowy altar of Dithmenos.
   139 | D        | Found a blossoming altar of Fedhas.
   139 | D        | Noticed a slime creature
   152 | D        | Slain by a slime creature

Vault maps used:
D:        dungeon_sprint_1

Skill      XL: |  1  2  3  4 |
---------------+-------------+-----
Fighting       | 2 4 5 |  5.9
Short Blades   | 4 7 9 |  9.5
Throwing       | 2 |  2.4
Dodging        | 3 |  3.8

Action                   |  1- 3 |  4- 6 || total
-------------------------+-------+-------++-------
Melee: Rapier            |    33 |    24 ||    57
       Bite              |    11 |    10 ||    21
Throw: Throwing net      |     3 |       ||     3
Armor: Leather armour    |    10 |       ||    10
Dodge: Dodged            |    14 |    10 ||    24
